 Dungeon Crawl Stone Soup version 0.23.2-11-gf996548c65 (webtiles) character file.

Game seed: 11656541269815437019

2825 Nattfarinn the Spear-Bearer (level 9, -4/82 HPs)
             Began as a Minotaur Fighter on June 4, 2019.
             Was a Priest of Okawaru.
             Slain by a ten-headed hydra (8 damage)
             ... on level 6 of the Dungeon.
             The game lasted 00:13:03 (5614 turns).

Nattfarinn the Spear-Bearer (Minotaur Fighter)      Turns: 5614, Time: 00:13:03

Health: -4/82      AC: 15    Str: 20 (21) XL:     9   Next: 45%
Magic:  8/8        EV:  6    Int:  2 (5)  God:    Okawaru [***...]
Gold:   378        SH:  0    Dex: 10 (13) Spells: 8/8 levels left

rFire    . . .     SeeInvis .   d - +2 halberd (venom)
rCold    . . .     Gourm    .   (shield currently unavailable)
rNeg     . . .     Faith    .   t - +0 plate armour
rPois    .         Spirit   .   (helmet restricted)
rElec    .         Reflect  .   (no cloak)
rCorr    .         Harm     .   o - +0 pair of gloves
MR       .....                  (no boots)
Stlth    ..........             p - amulet of the acrobat
HPRegen  0.23/turn              q - ring of stealth
MPRegen  0.11/turn              (no ring)

@: no status effects
A: retaliatory headbutt, horns 2
a: Heroism, Renounce Religion


You were on level 6 of the Dungeon.
You worshipped Okawaru.
Okawaru was most pleased with you.
You were very hungry.

You visited 1 branch of the dungeon, and saw 8 of its levels.
You also visited: Ossuary.

You collected 378 gold pieces.

Inventory:

Hand Weapons
 a - a +0 trident
 d - a +2 halberd of venom (weapon)
Armour
 c - a +0 shield
 o - a +0 pair of gloves (worn)
 t - a +0 plate armour (worn)
Jewellery
 p - an amulet of the acrobat (around neck)
 q - a ring of stealth (left hand)
Wands
 A - a wand of acid (2)
Scrolls
 g - 5 scrolls of amnesia {unknown}
 h - 5 scrolls of teleportation
 j - 8 scrolls of remove curse
 k - 2 scrolls of enchant weapon {unknown}
 l - 2 scrolls of fear {unknown}
 m - a scroll of noise {unknown}
 n - 6 scrolls of identify
 s - 3 scrolls of blinking {unknown}
 x - a scroll of random uselessness {unknown}
 y - 3 scrolls of immolation {unknown}
 C - a scroll of magic mapping {unknown}
 E - a scroll of enchant armour {unknown}
Potions
 e - 7 potions of curing
 i - 2 potions of resistance {unknown}
 r - 3 potions of flight {unknown}
 u - 2 potions of haste {unknown}
 v - a potion of agility {unknown}
 w - a potion of brilliance {unknown}
 z - 2 potions of lignification {unknown}
 B - a potion of degeneration
 D - a potion of invisibility {unknown}
Comestibles
 f - 11 rations


   Skills:
 + Level 8.6 Fighting
 * Level 11.1 Polearms
 + Level 8.7 Armour
 - Level 3.6 Shields


You had 8 spell levels left.
You didn't know any spells.
Your spell library contained the following spells:

 Spells                   Type           Power        Failure   Level  Hunger
 Confusing Touch          Hex            #.....       100%        1    ##.....
 Corona                   Hex            #......      100%        1    ##.....
 Freeze                   Ice            #...         100%        1    ##.....
 Ensorcelled Hibernation  Hex/Ice        #.....       100%        2    ###....
 Throw Frost              Conj/Ice       #.....       100%        2    ###....
 Confuse                  Hex            #.......     100%        3    ####...
 Dazzling Spray           Conj/Hex       #.....       100%        3    ####...
 Gell's Gravitas          Tloc           #.........   100%        3    ####...
 Ozocubu's Armour         Chrm/Ice       #.......     100%        3    ####...
 Tukima's Dance           Hex            #.......     100%        3    ####...
 Petrify                  Tmut/Erth      #.......     100%        4    #####..
 Summon Ice Beast         Ice/Summ       #.......     100%        4    #####..
 Throw Icicle             Conj/Ice       #.......     100%        4    #####..
 Metabolic Englaciation   Hex/Ice        #.........   100%        5    ######.
 Yara's Violent Unravell  Hex/Tmut       #.........   100%        5    ######.


Dungeon Overview and Level Annotations

Branches:
Dungeon (8/15)             Temple (0/1) D:5
   Lair: D:8-11

Altars:
Cheibriados
Dithmenos
Hepliaklqana
Okawaru
Ru
Vehumet
Wu Jian
Xom
Zin
The Shining One

Shops:
D:5 (*(

Annotations:
D:4 3 runed translucent doors, exclusion: statue, kubaf's ghost, amateur DENe
D:8 3 runed translucent doors, will825x's ghost, novice OpEn


Innate Abilities, Weirdness & Mutations

You reflexively headbutt those who attack you in melee.
You have a pair of horns on your head.


Message History

The ten-headed hydra bites you but does no damage. x2
The ten-headed hydra barely misses you. x2; The ten-headed hydra bites you.
* * * LOW HITPOINT WARNING * * *
The ten-headed hydra barely misses you. The ten-headed hydra bites you.
* * * LOW HITPOINT WARNING * * *
The ten-headed hydra bites you but does no damage.
The ten-headed hydra bites you!
* * * LOW HITPOINT WARNING * * *
It was a potion of degeneration.
There was something very wrong with that liquid.
You feel weakened.
You feel dopey.
You feel clumsy.
The ten-headed hydra bites you but does no damage. x2
The ten-headed hydra bites you.
* * * LOW HITPOINT WARNING * * *
The ten-headed hydra barely misses you.
The ten-headed hydra bites you but does no damage. x2
The ten-headed hydra bites you.
* * * LOW HITPOINT WARNING * * *
The ten-headed hydra bites you!
You die...

#...............
######...........####
#................# #
#............##### ##########
...........#########
.........######.##......#........
...###..................#.#.....#
...# #.#...#####.#......#..#...#.
...###.#.....#..@D#######...#...#
...................<....##....#..
....................######...####
...####......#......#####..#...##
#### ####..............#.#.#....
#...#......#####..#.....
#...#......# ##.......
#...#...#### #....... #####...#
##......


You could see a ten-headed hydra.

Vanquished Creatures
  A two-headed ogre (D:8)
  A water moccasin (D:5)
  An ice beast (D:5)
  An orc warrior (D:7)
  2 phantoms (D:8)
  An ogre (D:7)
  A centaur (D:6)
  A big kobold (D:7)
  3 bullfrogs
  3 water moccasin zombies (Ossuary)
  A scorpion (D:7)
  4 killer bees (D:8)
  A crimson imp (D:8)
  A jelly (D:7)
  Crazy Yiuf (D:4)
  3 orc priests
  3 hounds
  3 orc wizards
  4 iguanas
  3 worker ants
  3 big kobold zombies (Ossuary)
  2 mummies (Ossuary)
  4 gnolls (D:3)
  9 adders
  7 adder zombies (Ossuary)
  7 worms
  2 dart slugs
  7 leopard geckos
  18 orcs
  4 ball pythons
  7 bats
  6 giant cockroaches
  2 gnoll zombies (Ossuary)
  3 goblins
  6 hobgoblins
  11 jackals
  10 kobolds
  3 quokkas
  6 frilled lizards
  3 hobgoblin zombies (Ossuary)
  A jackal skeleton (D:4)
  4 kobold zombies (Ossuary)
  A leopard gecko skeleton (D:5)
  An orc zombie (Ossuary)
  9 rats
  A bush (D:2)
176 creatures vanquished.

Notes
Turn   | Place    | Note
-------+----------+-------------------------------------------
     0 | D:1      | Nattfarinn the Minotaur Fighter began the quest for the
                  | Orb.
     0 | D:1      | Reached XP level 1. HP: 19/19 MP: 0/0
   107 | D:1      | Reached XP level 2. HP: 25/27 MP: 1/1
   123 | D:1      | Reached skill level 3 in Polearms
   741 | D:2      | Reached XP level 3. HP: 33/33 MP: 2/2
   750 | D:2      | Found a sacrificial altar of Ru.
   823 | D:2      | Reached skill level 4 in Polearms
   888 | D:2      | Found a glowing golden altar of the Shining One.
   946 | D:2      | Reached XP level 4. HP: 33/40 MP: 3/3
  1413 | D:3      | Reached XP level 5. HP: 38/47 MP: 4/4
  1515 | D:3      | Reached skill level 5 in Polearms
  1917 | D:3      | Reached skill level 5 in Armour
  1918 | D:3      | Reached skill level 5 in Fighting
  2607 | D:4      | Found an ornate altar of the Wu Jian Council.
  2658 | D:4      | Found a radiant altar of Vehumet.
  2658 | D:4      | Noticed a charred statue
  2750 | D:4      | Noticed a phantom
  2751 | D:4      | Found a runed translucent gate.
  2751 | D:4      | Found a runed translucent gate.
  2799 | D:4      | Found a hazy altar of Hepliaklqana.
  2803 | D:4      | Found a runed translucent gate.
  2812 | D:4      | Noticed kubaf's ghost (amateur DENe)
  2952 | D:4      | Found a runed translucent door.
  2953 | D:4      | Noticed Crazy Yiuf
  2976 | D:4      | Reached XP level 6. HP: 52/56 MP: 5/5
  3022 | D:4      | Killed Crazy Yiuf
  3048 | D:5      | Entered Level 5 of the Dungeon
  3061 | D:5      | Found a snail-covered altar of Cheibriados.
  3070 | D:5      | Noticed an ice beast
  3076 | D:5      | Killed an ice beast
  3076 | D:5      | Reached skill level 6 in Polearms
  3082 | D:5      | Found Juyffeda's Weapon Shoppe.
  3082 | D:5      | Noticed a water moccasin
  3090 | D:5      | Killed a water moccasin
  3090 | D:5      | Reached XP level 7. HP: 50/62 MP: 6/6
  3099 | D:5      | Found Opy Ripp's Antique Weapon Shoppe.
  3114 | D:5      | Noticed an angel
  3115 | D:5      | Found a shimmering altar of Xom.
  3126 | D:5      | Found a glowing silver altar of Zin.
  3188 | D:5      | Found an iron altar of Okawaru.
  3196 | D:5      | Became a worshipper of Warmaster Okawaru
  3209 | D:5      | Found a staircase to the Ecumenical Temple.
  3283 | D:5      | Reached skill level 7 in Polearms
  3299 | D:5      | Found Myedath's General Store.
  3545 | D:6      | You fall through a shaft!
  3796 | D:7      | Found a shadowy altar of Dithmenos.
  3824 | D:7      | Reached skill level 8 in Polearms
  3846 | D:7      | Reached * piety under Okawaru
  3846 | D:7      | Reached XP level 8. HP: 71/71 MP: 7/7
  4470 | D:8      | Reached skill level 9 in Polearms
  4565 | D:8      | Found a runed translucent gate.
  4565 | D:8      | Found a runed translucent gate.
  4566 | D:8      | Found a runed translucent gate.
  4593 | D:8      | Reached ** piety under Okawaru
  4600 | D:8      | Noticed will825x's ghost (novice OpEn)
  4633 | D:8      | Noticed a two-headed ogre
  4639 | D:8      | Killed a two-headed ogre
  4639 | D:8      | Reached skill level 10 in Polearms
  4639 | D:8      | Reached XP level 9. HP: 41/81 MP: 8/8
  4738 | D:8      | Found a sand-covered staircase.
  4742 | Ossuary  | Entered an ossuary
  4866 | Ossuary  | Reached *** piety under Okawaru
  4953 | D:8      | Reached skill level 11 in Polearms
  5060 | D:8      | Got a dazzling giant spiked club
  5063 | D:8      | Identified the +4 giant spiked club "Jellyslayer" {holy,
                  | rC- Str+2 Dex+2} (You found it on level 8 of the Dungeon)
  5325 | D:6      | Noticed a six-headed hydra
  5614 | D:6      | HP: 4/82 [ten-headed hydra (2)]
  5614 | D:6      | Slain by a ten-headed hydra

Skill      XL: |  1  2  3  4  5  6  7  8  9 |
---------------+----------------------------+-----
Polearms       | 3 4 5 6 8 10 11 | 11.1
Armour         | 4 5 6 8 |  8.7
Fighting       | 4 5 6 8 |  8.6
Shields        | |  3.6

Action                   |  1- 3 |  4- 6 |  7- 9 || total
-------------------------+-------+-------+-------++-------
Melee: Trident           |   101 |   202 |       ||   303
       Headbutt          |     7 |    48 |    37 ||    92
       Halberd           |       |    34 |   241 ||   275
Evoke: Wand              |       |       |     4 ||     4
  Use: Potion            |       |     2 |     4 ||     6
       Scroll            |       |     1 |     4 ||     5
  Eat: Chunk             |       |     7 |     4 ||    11
       Ration            |       |       |     1 ||     1
Armor: Scale mail        |    28 |    60 |    43 ||   131
       Plate armour      |       |       |   125 ||   125
Dodge: Dodged            |    15 |    42 |   113 ||   170
Block: Shield            |    46 |    75 |       ||   121
